AoeStats
← Tavik

African Clearing

505340362Analyzed
2v2 RM · 24d ago on Sep 8, 2026· 28m 41s· 4 players
Game mode
Random Map
Map size
Medium (4 player)
Population
200
Speed
Normal
Resources
Standard
Victory
Conquest
Starting age
Dark Age
Ending age
Imperial Age
RankedLock teamsTeams togetherTeam positionsShared explorationLock speedFull tech treeHidden civsTurbo modeCheats
Victory
Defeat
🇳🇱 Huns · Netherlands
1431
+12
🇨🇱 Persians · Chile
1374
+15
🇨🇿 Malians · Czechia
1385
-15
🇨🇿 Huns · Czechia
1315
-12
No se jugar
8:36 Loom
11:21 Feudal Age
12:19 Double-Bit Axe
17:02 Forging
23:47 Castle Age
22:32 Bloodlines
22:35 Scale Barding Armor
23:30 Gold Mining
26:07 Chain Barding Armor
27:48 Town Watch
Rotank
10:18 Loom
12:13 Feudal Age
13:25 Double-Bit Axe
13:40 Gold Mining
16:39 Castle Age
15:51 Fletching
17:21 Bodkin Arrow
20:07 Husbandry
21:46 Bloodlines
23:22 Padded Archer Armor
27:38 Horse Collar
Melioth
4:05 Loom
12:37 Feudal Age
17:18 Forging
18:39 Horse Collar
23:41 Castle Age
22:01 Gold Mining
22:43 Double-Bit Axe
23:00 Stone Mining
23:48 Bloodlines
Tavik
4:02 Loom
13:50 Feudal Age
17:27 Castle Age
16:18 Double-Bit Axe
16:19 Horse Collar
21:08 Husbandry
21:16 Scale Barding Armor
Connection lost

Rejoining the realm…

Still unreachable

The connection could not be restored.

Session expired

The server has moved on; the page needs a fresh start.